 Dungeon Crawl Stone Soup version 0.21.1-1-g345015f (webtiles) character file.

407 tidbits the Insei (level 6, -9/47 HPs)
             Began as a Gnoll Transmuter on Feb 16, 2018.
             Mangled by NorthaanB's ghost (12 damage)
             ... on level 5 of the Dungeon.
             The game lasted 00:12:31 (1021 turns).

tidbits the Insei (Gnoll Transmuter)                Turns: 1021, Time: 00:12:31

Health: -9/47      AC: 10    Str: 13 (14) XL:     6   Next: 88%
Magic:  2/14       EV: 14    Int: 17 (18) God:
Gold:   124        SH:  0    Dex: 13 (15) Spells: 9/15 levels left

rFire    . . .     SeeInvis .   p - +1 flail (protect)
rCold    . . .     Gourm    .   (no shield)
rNeg     . . .     Faith    .   B - +0 robe
rPois    .         Spirit   .   (no helmet)
rElec    .         Reflect  .   (no cloak)
rCorr    .         Harm     .   G - +0 pair of gloves
MR       .....                  (no boots)
Stlth    ++........             (no amulet)
HPRegen  0.15/turn              (no ring)
MPRegen  0.14/turn              (no ring)

@: appendage, protection aura, very slightly contaminated
A: distributed training, fangs 1, horns 2, blink, strong 1, strong nose
a: End Transformation, Blink


You were on level 5 of the Dungeon.
You were full.
You had grown temporary horns.
You visited 1 branch of the dungeon, and saw 5 of its levels.

You collected 124 gold pieces.

Inventory:

Hand Weapons
 g - a +2 short sword of speed
   (You took it off Terence on level 2 of the Dungeon)
 k - a +0 dagger
 n - a +0 war axe
 p - a +1 flail of protection (weapon)
   (You took it off Edmund on level 4 of the Dungeon)
Missiles
 a - 43 arrows
 e - 50 stones (quivered)
 q - 4 tomahawks
Armour
 f - a +0 ring mail
 B - a +0 robe (worn)
 G - a +0 pair of gloves (worn)
Wands
 d - a wand of digging (12)
Scrolls
 b - a scroll of random uselessness
 h - a scroll of blinking
 i - a scroll of remove curse
 j - a scroll of magic mapping
 l - a scroll of teleportation
Potions
 m - a potion of resistance
Books
 c - a book of Changes

   Spells                             Type                      Level
   a - Beastly Appendage              Transmutation                1
   b - Sticks to Snakes               Transmutation                2
   c - Spider Form                    Transmutation/Poison         3
   d - Ice Form                       Ice/Transmutation            4
   e - Blade Hands                    Transmutation                5
Comestibles
 o - 4 rations


   Skills:
 + Level 3.3 Fighting
 + Level 2.1 Short Blades
 + Level 2.1 Long Blades
 + Level 2.1 Axes
 + Level 2.1 Maces & Flails
 + Level 2.1 Polearms
 + Level 2.1 Staves
 + Level 2.1 Slings
 + Level 2.1 Bows
 + Level 2.1 Crossbows
 + Level 2.1 Throwing
 + Level 2.1 Armour
 + Level 5.0 Dodging
 + Level 2.1 Stealth
 + Level 2.1 Shields
 + Level 6.9 Unarmed Combat
 + Level 5.4 Spellcasting
 + Level 1.6 Conjurations
 + Level 1.6 Hexes
 + Level 1.6 Charms
 + Level 1.6 Summonings
 + Level 1.6 Necromancy
 + Level 1.6 Translocations
 + Level 4.1 Transmutations
 + Level 1.6 Fire Magic
 + Level 1.6 Ice Magic
 + Level 1.6 Air Magic
 + Level 1.6 Earth Magic
 + Level 1.6 Poison Magic
 + Level 2.3 Invocations
 + Level 2.1 Evocations


You had 9 spell levels left.
You knew the following spells:

 Your Spells              Type           Power        Failure   Level  Hunger
e - Beastly Appendage     Tmut           ###...       2%          1    None
k - Sticks to Snakes      Tmut           ###.....     3%          2    #......
p - Spider Form           Tmut/Pois      ##........   12%         3    ##.....


Dungeon Overview and Level Annotations

Branches:
Dungeon (5/15)
 Temple: D:4-7

Altars:

Shops:
D:4 :   D:5 %

Annotations:
D:4 Monsterracer's ghost, novice HuFi
D:5 NorthaanB's ghost, novice DsGl


Innate Abilities, Weirdness & Mutations

Your experience applies equally to all skills.
You have very sharp teeth.
Your uncanny sense of smell can sniff out nearby items.
You have a pair of horns on your head.
You can translocate small distances at will.
Your muscles are strong. (Str +2)


Message History

Your Evocations skill increases to level 2!
Found a scroll labeled XEMEQYTIWO.
Your transformation is almost over.
You see here a scroll labeled XEMEQYTIWO.
r - a scroll labeled XEMEQYTIWO NorthaanB's ghost (novice Demonspawn Gladiator) comes into view.
Blink to where?
Press: ? - help, Dir - move target cursor You are very lightly contaminated with residual magic.
As you read the scroll labeled XOTENO ZUXTI, it crumbles to dust.
It was a scroll of blinking.
A scorpion comes into view.
The scorpion stings you but does no damage.
You closely miss the scorpion. The scorpion completely misses you.
You bite the scorpion!
The scorpion is heavily wounded.
The scorpion barely misses you.
You hit the scorpion but do no damage.
The scorpion is poisoned.
The scorpion is heavily wounded.
The scorpion barely misses you.
You hit the scorpion.
The scorpion looks even sicker.
The scorpion is severely wounded.
You kill the scorpion!
You feel your strength returning.
Your transformation has ended.
Your +0 pair of gloves unmelds from your body.
Your +0 robe unmelds from your body.
Found a scroll labeled XEMEQYTIWO.
Found 13 arrows.
Found Heh Jaing's Food Boutique.
You see here a scroll labeled XEMEQYTIWO.
r - 2 scrolls labeled XEMEQYTIWO (gained 1)
You see here 13 arrows.
a - 46 arrows (gained 13)
Casting: Spider Form
Confirm with . or Enter, or press ? or * to list all spells.
You create a snake!
You now have 45 arrows.
NorthaanB's ghost boasts, "I have defeated monsters you have never seen."
Casting: Sticks to Snakes
Confirm with . or Enter, or press ? or * to list all spells.
You create 2 snakes!
You now have 43 arrows.
Casting: Sticks to Snakes
Confirm with . or Enter, or press ? or * to list all spells.
You miscast Spider Form.
You feel faint for a moment. NorthaanB's ghost hits your adder!!
Your adder dies!
As you read the scroll labeled XEMEQYTIWO, it crumbles to dust.
It is a scroll of identify.
i - a scroll of remove curse Your adder bites NorthaanB's ghost but does no damage.
NorthaanB's ghost hits your ball python!
Your ball python dies!
As you read the scroll of identify, it crumbles to dust.
b - a scroll of random uselessness Your adder bites NorthaanB's ghost but does no damage.
NorthaanB's ghost says very slowly, "There's no hope."
Wield which item (- for none, * to show all)? (? for menu, Esc to quit)
Your +1 flail of protection hums with potential!
p - a +1 flail of protection (weapon)
Your adder bites NorthaanB's ghost but does no damage.
Casting: Spider Form
Confirm with . or Enter, or press ? or * to list all spells.
You grow a pair of large bovine horns.
Your adder bites NorthaanB's ghost but does no damage.
You hit NorthaanB's ghost.
Your weapon exudes an aura of protection.
You headbutt NorthaanB's ghost, but do no damage.
NorthaanB's ghost is lightly damaged.
Your adder bites NorthaanB's ghost but does no damage.
NorthaanB's ghost whispers, "There is no future for you."
NorthaanB's ghost closely misses you.
Your adder bites NorthaanB's ghost but does no damage.
NorthaanB's ghost hits you!
* * * LOW HITPOINT WARNING * * *
Okay, then.
You barely miss NorthaanB's ghost.
NorthaanB's ghost is lightly damaged.
Your adder bites NorthaanB's ghost but does no damage.
NorthaanB's ghost hits you but does no damage.
Your adder barely misses NorthaanB's ghost.
You sock NorthaanB's ghost!
NorthaanB's ghost is lightly damaged.
Your adder bites NorthaanB's ghost.
NorthaanB's ghost misses you.
You barely miss NorthaanB's ghost. Your headbutt misses NorthaanB's ghost.
NorthaanB's ghost is lightly damaged.
Your adder bites NorthaanB's ghost but does no damage.
NorthaanB's ghost barely misses you.
Your adder bites NorthaanB's ghost but does no damage.
NorthaanB's ghost closely misses your adder.
You hit NorthaanB's ghost. You headbutt NorthaanB's ghost!
NorthaanB's ghost is moderately damaged.
Your adder barely misses NorthaanB's ghost.
NorthaanB's ghost hits you!!
* * * LOW HITPOINT WARNING * * *
Your adder barely misses NorthaanB's ghost.
You hit NorthaanB's ghost but do no damage.
NorthaanB's ghost is moderately damaged.
Your adder bites NorthaanB's ghost but does no damage.
NorthaanB's ghost hits you!
You die...

*,,,,#......∩.....#
*,,,,#............#
*,,..#............#
+,................#
**#.#.............#
* #...............#
* *#..............#
* #..........S...#
* #...........W@.#
* *#.............#
* #.............#
** ##............#
,* ###..###########
,* #....#
,###....##
,#.......*
##.....#.#*


You could see NorthaanB's ghost and a friendly adder.

Vanquished Creatures
  Edmund (D:4)
  A scorpion (D:5)
  A howler monkey (D:5)
  A crimson imp (D:5)
  A hound (D:5)
  A jelly (D:5)
  A worker ant (D:4)
  3 gnolls (D:4)
  An ooze (D:2)
  A worm (D:1)
  A dart slug (D:2)
  4 leopard geckos
  7 orcs
  A ball python (D:1)
  A giant cockroach (D:3)
  3 hobgoblins
  3 bats (D:3)
  2 frilled lizards
  4 goblins
  3 kobolds
  2 rats
43 creatures vanquished.

Vanquished Creatures (collateral kills)
  Terence (D:2)
  A worm (D:3)
  A dart slug (D:2)
  2 jackal skeletons (D:4)
5 creatures vanquished.

Grand Total: 48 creatures vanquished

Notes
Turn   | Place    | Note
-------+----------+-------------------------------------------
     0 | D:1      | tidbits the Gnoll Transmuter began the quest for the Orb.
     0 | D:1      | Reached XP level 1. HP: 17/17 MP: 6/6
    69 | D:2      | Noticed Terence
   108 | D:1      | Reached XP level 2. HP: 23/23 MP: 5/7
   112 | D:1      | Learned a level 2 spell: Sticks to Snakes
   159 | D:1      | Gained mutation: You can translocate small distances at will. [potion of mutation]
   159 | D:1      | Gained mutation: Your muscles are strong. (Str +2) [potion of mutation]
   168 | D:2      | Killed Terence
   168 | D:2      | Reached skill level 5 in Spellcasting
   168 | D:2      | Reached XP level 3. HP: 25/28 MP: 2/9
   213 | D:2      | Reached skill level 1 in Invocations
   412 | D:4      | Reached skill level 1 in Short Blades
   412 | D:4      | Reached skill level 1 in Long Blades
   412 | D:4      | Reached skill level 1 in Axes
   412 | D:4      | Reached skill level 1 in Maces & Flails
   412 | D:4      | Reached skill level 1 in Polearms
   412 | D:4      | Reached skill level 1 in Staves
   412 | D:4      | Reached skill level 1 in Slings
   412 | D:4      | Reached skill level 1 in Bows
   412 | D:4      | Reached skill level 1 in Crossbows
   412 | D:4      | Reached skill level 1 in Throwing
   412 | D:4      | Reached skill level 1 in Armour
   412 | D:4      | Reached skill level 1 in Stealth
   412 | D:4      | Reached skill level 1 in Shields
   412 | D:4      | Reached skill level 1 in Evocations
   447 | D:4      | Reached XP level 4. HP: 9/34 MP: 9/11
   451 | D:4      | Found Lios's Book Emporium.
   488 | D:4      | Learned a level 3 spell: Spider Form
   524 | D:4      | Noticed Edmund
   535 | D:4      | Killed Edmund
   535 | D:4      | Reached skill level 3 in Fighting
   535 | D:4      | Reached skill level 1 in Conjurations
   535 | D:4      | Reached skill level 1 in Hexes
   535 | D:4      | Reached skill level 1 in Charms
   535 | D:4      | Reached skill level 1 in Summonings
   535 | D:4      | Reached skill level 1 in Necromancy
   535 | D:4      | Reached skill level 1 in Translocations
   535 | D:4      | Reached skill level 4 in Transmutations
   535 | D:4      | Reached skill level 1 in Fire Magic
   535 | D:4      | Reached skill level 1 in Ice Magic
   535 | D:4      | Reached skill level 1 in Air Magic
   535 | D:4      | Reached skill level 1 in Earth Magic
   535 | D:4      | Reached skill level 1 in Poison Magic
   535 | D:4      | Reached XP level 5. HP: 28/41 MP: 4/12
   566 | D:4      | Noticed Monsterracer's ghost (novice HuFi)
   579 | D:4      | HP: 1/41 [Monsterracer's ghost (19)]
   817 | D:5      | Entered Level 5 of the Dungeon
   828 | D:5      | Reached skill level 2 in Invocations
   828 | D:5      | Reached XP level 6. HP: 6/47 MP: 3/13
   892 | D:5      | Noticed a phantom
   939 | D:5      | Reached skill level 5 in Dodging
   981 | D:5      | Reached skill level 2 in Short Blades
   981 | D:5      | Reached skill level 2 in Long Blades
   981 | D:5      | Reached skill level 2 in Axes
   981 | D:5      | Reached skill level 2 in Maces & Flails
   981 | D:5      | Reached skill level 2 in Polearms
   981 | D:5      | Reached skill level 2 in Staves
   981 | D:5      | Reached skill level 2 in Slings
   981 | D:5      | Reached skill level 2 in Bows
   981 | D:5      | Reached skill level 2 in Crossbows
   981 | D:5      | Reached skill level 2 in Throwing
   981 | D:5      | Reached skill level 2 in Armour
   981 | D:5      | Reached skill level 2 in Stealth
   981 | D:5      | Reached skill level 2 in Shields
   981 | D:5      | Reached skill level 2 in Evocations
   992 | D:5      | Noticed NorthaanB's ghost (novice DsGl)
  1002 | D:5      | Found Heh Jaing's Food Boutique.
  1020 | D:5      | HP: 3/47 [NorthaanB's ghost (19)]
  1021 | D:5      | Mangled by NorthaanB's ghost

Skill      XL: |  1  2  3  4  5  6 |
---------------+-------------------+-----
Spellcasting   | 5 |  5.4
Invocations    | 1 2 |  2.3
Short Blades   | 1 2 |  2.1
Long Blades    | 1 2 |  2.1
Axes           | 1 2 |  2.1
Maces & Flails | 1 2 |  2.1
Polearms       | 1 2 |  2.1
Staves         | 1 2 |  2.1
Slings         | 1 2 |  2.1
Bows           | 1 2 |  2.1
Crossbows      | 1 2 |  2.1
Throwing       | 1 2 |  2.1
Armour         | 1 2 |  2.1
Stealth        | 1 2 |  2.1
Shields        | 1 2 |  2.1
Evocations     | 1 2 |  2.1
Fighting       | 3 |  3.3
Conjurations   | 1 |  1.6
Hexes          | 1 |  1.6
Charms         | 1 |  1.6
Summonings     | 1 |  1.6
Necromancy     | 1 |  1.6
Translocations | 1 |  1.6
Transmutations | 4 |  4.1
Fire Magic     | 1 |  1.6
Ice Magic      | 1 |  1.6
Air Magic      | 1 |  1.6
Earth Magic    | 1 |  1.6
Poison Magic   | 1 |  1.6
Dodging        | 5 |  5.0
Unarmed Combat | |  6.9

Action                   |  1- 3 |  4- 6 || total
-------------------------+-------+-------++-------
Melee: Unarmed           |    44 |    83 ||   127
       Headbutt          |     6 |     2 ||     8
       Kick              |     2 |     1 ||     3
       Bite              |     3 |     1 ||     4
       Flail             |       |     6 ||     6
 Cast: Beastly Appendage |    11 |     3 ||    14
       Sticks to Snakes  |     3 |    12 ||    15
       Spider Form       |       |    12 ||    12
 Abil: End Transformatio |       |     1 ||     1
Evoke: Wand              |       |     1 ||     1
  Use: Potion            |     3 |     5 ||     8
       Scroll            |       |     5 ||     5
 Stab: Sleeping          |       |     1 ||     1
  Eat: Ration            |     1 |     1 ||     2
Armor: Robe              |     1 |     4 ||     5
       Skin              |       |     1 ||     1
Dodge: Dodged            |    17 |    57 ||    74

Table legend:
 A = Turns spent in this place as a percentage of turns spent in the entire game.
 B = Non-inter-level travel turns spent in this place as a percentage of non-inter-level travel turns spent in the entire game.
 C = Inter-level travel turns spent in this place as a percentage of turns spent in this place.
 D = Turns resting spent in this place as a percentage of non-inter-level travel turns spent in this place.
 E = Turns spent auto-exploring this place as a percentage of non-inter-level travel turns spent in this place.
 F = Non-inter-level travel turns spent in this place divided by the number of levels of this place that you've seen.
                   A       B       C       D       E      F
               +-------+-------+-------+-------+-------+----------------------
         Total | 100.0 | 100.0 |   0.0 |   0.0 |   0.0 | 204.2
       Dungeon | 100.0 | 100.0 |   0.0 |   0.0 |   0.0 | 204.2
               +-------+-------+-------+-------+-------+----------------------

Table legend:
 A = Kills in this place as a percentage of kills in entire the game.
 B = Kills by you in this place as a percentage of kills by you in the entire game.
 C = Kills by friends in this place as a percentage of kills by friends in the entire game.
 D = Other kills in this place as a percentage of other kills in the entire game.
 E = Experience gained in this place as a percentage of experience gained in the entire game.
 F = Experience gained in this place divided by the number of levels of this place that you have seen.
                   A       B       C       D       E      F
               +-------+-------+-------+-------+-------+----------------------
         Total | 100.0 | 100.0 | 100.0 |   N/A | 100.0 | 116.4
       Dungeon | 100.0 | 100.0 | 100.0 |   N/A | 100.0 | 116.4
               +-------+-------+-------+-------+-------+----------------------

Vault maps used:
D:1:      evilmike_arrival_run_for_it, minmay_pentomino_r2
D:2:      minmay_door_path, marbit_many_paths, uniq_terence
D:3:      grunt_temple_overflow_open
D:4:      serial_shops, shop, minmay_misc_feat_room, due_unseen_surprise,
          uniq_edmund
D:5:      serial_shops, shop, first_ration
